 Dungeon Crawl Stone Soup version 0.18.1-50-g88ac8fd (webtiles) character file.

174 magog001 the Slasher (level 5, -2/36 HPs)
             Began as a High Elf Skald on Oct 20, 2017.
             Slain by an orc wizard
             ... wielding a +0 dagger of electrocution
              (10 damage)
             ... on level 4 of the Dungeon.
             The game lasted 00:22:25 (3808 turns).

magog001 the Slasher (High Elf Skald)               Turns: 3808, Time: 00:22:26

Health: -2/36      AC:  4    Str: 11    XL:     5   Next: 28%
Magic:  6/10       EV: 13    Int: 15    God:
Gold:   174        SH:  0    Dex: 16    Spells: 2 memorised, 5 levels left

rFire  . . .     SeeInvis .     a - +0 falchion
rCold  . . .     Gourm    .     b - +1 leather armour
rNeg   . . .     Faith    .     (no shield)
rPois  .         Spirit   .     (no helmet)
rElec  .         Dismiss  .     (no cloak)
rCorr  .         Reflect  .     (no gloves)
SustAt .         Harm     .     (no boots)
MR     .....                    (no amulet)
Stlth  ++........               (no ring)
                                (no ring)

@: infused, not resistant to hostile enchantments, unstealthy
A: no striking features
a: no special abilities


You were on level 4 of the Dungeon.
You were not hungry.

You visited 1 branch of the dungeon, and saw 4 of its levels.

You collected 174 gold pieces.

Inventory:

Hand Weapons
 a - a +0 falchion (weapon)
 p - a +1 hunting sling
Missiles
 f - 6 needles of paralysis
 q - 94 stones (quivered)
 t - 12 sling bullets
Armour
 b - a +1 leather armour (worn)
Rods
 l - a +1 rod of shadows (9/9)
   (You found it on level 3 of the Dungeon)
Scrolls
 g - a scroll of teleportation
Potions
 e - a potion of flight {unknown}
 h - 2 potions of resistance
 i - a potion of curing
 j - a potion of brilliance {unknown}
 k - a potion of heal wounds {unknown}
Books
 c - a book of Battle

   Spells                             Type                      Level
   a - Infusion                       Charms                       1
   b - Shroud of Golubria             Charms/Translocation         2
   c - Song of Slaying                Charms                       2
   d - Spectral Weapon                Hexes/Charms                 3
   e - Regeneration                   Charms/Necromancy            3
Comestibles
 d - 2 bread rations
 m - 8 chunks of flesh


   Skills:
 * Level 3.0 Fighting
 * Level 3.9 Long Blades
 - Level 1.0 Armour
 * Level 3.6 Dodging
 - Level 0.8 Stealth
 * Level 2.8 Spellcasting
 - Level 3.6 Charms
 - Level 0.1 Necromancy


You had 5 spell levels left.
You knew the following spells:

 Your Spells              Type           Power        Failure   Level  Hunger
a - Infusion              Chrm           ##..         10%         1    #......
b - Regeneration          Chrm/Necr      #.........   38%         3    ###....


Dungeon Overview and Level Annotations

Branches:
Dungeon (4/15)
 Temple: D:4-7

Altars:
Trog
Yredelemnul


Message History

You hit the orc.
The orc is almost dead.
The orc misses you.
The orc priest invokes the aid of Beogh against you.
Beogh smites you!
An orc comes into view. It is wielding a dagger.
You slash the orc!
You kill the orc!
The orc moves out of view.
Your leather armour prevents you from hitting something.
Something hits you.
You are electrocuted!
* * * LOW HITPOINT WARNING * * *
An orc comes into view. It is wielding a mace.
Drink which item? (? for menu, Esc to quit)
It was a potion of curing.
You feel better.
The orc shouts!
The orc moves out of view.
Something hits you.
* * * LOW HITPOINT WARNING * * *
You are electrocuted!
You die...

#############
#...........#
#.#########.#
#.# #.# #.#
#<# #.# #.#
#.# #.# #.#
#.# #@# #.#
#)# #.#


ooo #.# ..o<. #.# ###.### #.# #.# #.. You could see 2 orc priests and 2 orcs.

Vanquished Creatures
  Terence (D:1)
  Ijyb (D:3)
  A hound zombie (D:3)
  An adder (D:2)
  3 oozes
  2 dart slugs (D:1)
  4 giant geckos
  4 orcs (D:4)
  15 bats
  2 giant cockroaches
  12 goblins
  4 hobgoblins
  10 kobolds
  2 quokkas
  2 ball pythons (D:2)
  5 giant newts
  8 rats
77 creatures vanquished.

Notes
Turn   | Place    | Note
--------------------------------------------------------------
     0 | D:1      | magog001 the High Elf Skald began the quest for the Orb.
     0 | D:1      | Reached XP level 1. HP: 14/14 MP: 4/4
   106 | D:1      | Reached skill level 1 in Armour
   208 | D:1      | Reached XP level 2. HP: 15/19 MP: 6/6
   959 | D:1      | Reached XP level 3. HP: 19/25 MP: 7/7
  1078 | D:1      | Learned a level 3 spell: Regeneration
  1338 | D:2      | Noticed Terence
  1436 | D:1      | Killed Terence
  1846 | D:2      | Reached XP level 4. HP: 30/30 MP: 8/8
  3205 | D:3      | Found a bloodstained altar of Trog.
  3205 | D:3      | Found a basalt altar of Yredelemnul.
  3437 | D:3      | Identified a +1 rod of shadows (9/9) (You found it on level 3 of the Dungeon)
  3663 | D:3      | Noticed Ijyb
  3671 | D:3      | Reached XP level 5. HP: 36/36 MP: 3/10
  3692 | D:3      | Killed Ijyb
  3808 | D:4      | Slain by an orc wizard

Skill      XL: |  1  2  3  4 |
---------------+-------------+-----
Armour         | 1 |  1.0
Long Blades    | 3 |  3.9
Dodging        | 2 3 |  3.6
Fighting       | 3 |  3.0
Stealth        | |  0.8
Spellcasting   | |  2.8
Charms         | |  3.6
Necromancy     | |  0.1

Action                   |  1- 3 |  4- 6 || total
-------------------------+-------+-------++-------
Melee: Falchion          |   129 |   147 ||   276
 Cast: Infusion          |     3 |     6 ||     9
       Regeneration      |     3 |     4 ||     7
  Use: Scroll            |       |     9 ||     9
       Potion            |       |     1 ||     1
 Stab: Sleeping          |       |     2 ||     2
  Eat: Chunk             |     3 |     3 ||     6
       Beef jerky        |     1 |       ||     1
       Meat ration       |       |     1 ||     1
Armor: Leather armour    |    44 |    44 ||    88
       Chain mail        |     3 |       ||     3
Dodge: Dodged            |    90 |   121 ||   211
